[Event "*** SCC Grand Prix: Titled Tuesday Blitz"]
[Site "Chess.com"]
[Date "2020.06.02"]
[Round "9"]
[White "baki83"]
[Black "chessplayer9919"]
[Result "0-1"]
[WhiteElo "2792"]
[BlackElo "2523"]
[TimeControl "180+1"]
[EndTime "11:47:38 PDT"]
[Termination "chessplayer9919 won by checkmate"]

1. e4 c6 2. d4 d5 3. f3 dxe4 4.
fxe4 e5 5. Nf3 Bg4 6. Bc4 Nd7 7. O-O Ngf6 8. Kh1 Bd6 9. c3 O-O 10. Nbd2 b5 11. Bd3 Qc7 12. h3 Bh5 13. g4 Bg6 14. Nh4 Rae8 15. Qf3 exd4 16. cxd4 c5 17. Nxg6 fxg6 18.
Bxb5 cxd4 19. Bxd7 Qxd7 20. Qd3 Nxe4 21. Rxf8+ Bxf8 22. Nxe4 Qd5 23. Bd2 Rxe4 24. Kg1 h5 25. g5 Be7 26.
Qb3 Qxb3 27. axb3 Re2 28. Rxa7 Bc5 29. Rc7 Rxd2 30. Rxc5 Rxb2 31. Rc8+ Kh7 32. Rd8 Rxb3 33. Kg2 d3 34. Kf2 Rb2+ 35. Kg3 d2 36. h4 Rb3+ 37.
Kg2 Rb4 38. Kh3 Rb2 39. Kg2 d1=Q+ 40. Kg3 Qxd8 41. Kh3 Qd3# 0-1

[Event "*** SCC Grand Prix: Titled Tuesday Blitz"]
[Site "Chess.com"]
[Date "2020.06.02"]
[Round "9"]
[White "northridgehawk"]
[Black "arminmusovic"]
[Result "1/2-1/2"]
[WhiteElo "2320"]
[BlackElo "2524"]
[TimeControl "180+1"]
[EndTime "11:47:38 PDT"]
[Termination "Game drawn by repetition"]

1. e4 c6 2. d4 d5 3. e5 c5 4. Nd2 cxd4 5. Ngf3 Nc6 6. Bd3 Bg4 7. a3 e6 8. O-O a6 9. b4 Nxe5 10. Re1 Nxd3 11. cxd3 Nf6 12. Bb2 Bd6 13. Bxd4 O-O 14. h3 Bh5 15. Qb3 Re8 16. Ne5 Rc8 17. Rac1 Nd7 18. f4 Nxe5 19. fxe5 Bb8 20. Qb2 Qg5 21. Nf1 h6 22. Re3 Bg6 23. Rce1 b5 24. Nd2 Qe7 25. Nb3 Ba7 26. Nc5 Bxc5 27. Bxc5 Qh4 28.
Kh2 Qf4+ 29. g3 Qg5 30. Qd4 Bf5 31. g4 Bg6 32. Kg3 h5 33. Rf1 Rc6 34. Rf4 h4+ 35. Kh2 f5 36. exf6 e5 37. Qxd5+ Bf7 38. Rf5 Qxf5 39.
Qxc6 Qf4+ 40. Kg2 gxf6 41. Rf3 Qd2+ 42. Rf2 Qxd3 43. Qxf6 Qg3+ 44. Kf1 Bc4+ 45. Ke1 Qc3+ 46. Rd2 Qc1+ 47. Rd1 Qc3+ 48. Rd2 Qc1+ 49. Rd1 Qc3+ 50. Rd2 1/2-1/2

[Event "*** SCC Grand Prix: Titled Tuesday Blitz"]
[Site "Chess.com"]
[Date "2020.06.02"]
[Round "9"]
[White "ChristopherYoo"]
[Black "olksuna"]
[Result "1-0"]
[WhiteElo "2810"]
[BlackElo "2579"]
[TimeControl "180+1"]
[EndTime "11:47:39 PDT"]
[Termination "ChristopherYoo won on time"]

1. e4 c6 2. d4 d5 3. e5 Bf5 4. h4 Qb6 5. Ne2 e6 6. Ng3 Ne7 7. a4 h6 8. a5 Qc7 9. b4 Nd7 10. h5 f6 11. exf6 Nxf6 12. Nc3 e5 13. Be3 Bh7 14.
Be2 Nf5 15. Nxf5 Bxf5 16. Rb1 Bd6 17. Qd2 e4 18. Na4 O-O 19. c4 Ng4 20. c5 Be7 21. Bf4 Qd7 22. Nb2 Be6 23. Nd1 Rf7 24. g3 a6 25. Ne3 Raf8 26. Rb3 Kh7 27. Ng2 Bd8 28. Nh4 Bxh4 29. Rxh4 e3 30. fxe3 Nf6 31.
Bd3+ Bf5 32. Kd1 Bxd3 33. Qxd3+ Ne4 34. Kc2 Kh8 35. Rb1 Nf2 36. Qe2 Ne4 37. g4 Re8 38. Rg1 Qe7 39. Rh2 Ng5 40. Rhg2 Rxf4 41. exf4 Qxe2+ 42. Rxe2 Rxe2+ 43. Kd3 Nf3 44. Rg3 Rf2 45. Ke3 1-0

[Event "*** SCC Grand Prix: Titled Tuesday Blitz"]
[Site "Chess.com"]
[Date "2020.06.02"]
[Round "9"]
[White "JulAnt"]
[Black "Kavyev_Ruslan"]
[Result "0-1"]
[WhiteElo "2411"]
[BlackElo "2535"]
[TimeControl "180+1"]
[EndTime "11:47:39 PDT"]
[Termination "Kavyev_Ruslan won by resignation"]

1. e4 c5 2. Nf3 d6 3. d4 cxd4 4. Nxd4 Nf6 5. Nc3 a6 6. Bg5 Nbd7 7. Bc4 Qb6 8. Bb3 e6 9. Qd2 Be7 10. O-O-O Nc5 11. Rhe1 Bd7 12. Kb1 O-O-O 13. f3 Kb8 14. Be3 Qc7 15. g4 Nxb3 16. Nxb3 h6 17. Qf2 Rde8 18.
Bb6 Qc8 19. Rd2 Bc6 20. Red1 Nd7 21. Be3 Ne5 22. Bf4 Rd8 23. h3 Ka8 24. Qg3 Qc7 25. Bxe5 dxe5 26. Rxd8+ Rxd8 27. Rxd8+ Bxd8 28. Qe1 Be7 29. Qd1 Qd7 30. Qxd7 Bxd7 31. Kc1 b6 32. Kd2 Kb7 33. Ke3 Bg5+ 34. Kd3 Bc6 35. Ne2 Bb5+ 36. c4 Bc6 37. Nd2 f5 38. Nf1 g6 39. Nc3 Kc7 40.
Ne3 Kd6 41. gxf5 exf5 42. exf5 Bxe3 43. Kxe3 gxf5 44. b4 a5 45. a3 f4+ 46. Ke2 Bd7 47. h4 Be6 48. Kd3 Bf5+ 49. Ne4+ Kc6 50. c5 axb4 51. axb4 bxc5 52. bxc5 h5 53. Kc4 Bxe4 54. fxe4 f3 55. Kd3 Kxc5 56. Ke3 f2 57. Kxf2 Kd4 58. Kf3 Kd3 59. Kf2 Kxe4 60. Ke2 Kf4 61. Kf2 Kg4 0-1

[Event "*** SCC Grand Prix: Titled Tuesday Blitz"]
[Site "Chess.com"]
[Date "2020.06.02"]
[Round "9"]
[White "goldenpuppy"]
[Black "OnatB"]
[Result "0-1"]
[WhiteElo "2180"]
[BlackElo "2331"]
[TimeControl "180+1"]
[EndTime "11:47:39 PDT"]
[Termination "OnatB won by resignation"]

1. e4 c5 2. Nf3 g6 3. c3 d5 4. exd5 Qxd5 5. d4 Bg7 6. Be3 cxd4 7. cxd4 Nh6 8. Nc3 Qd8 9. h3 Nf5 10. Bb5+ Nd7 11. Qd3 O-O 12. O-O Nb6 13. Rad1 a6 14.
Ba4 Nxa4 15. Nxa4 Bd7 16. Nc5 Bb5 17. Qe4 Nd6 18. Qh4 Bxf1 19. Rxf1 b6 20. Nb3 Rc8 21.
g4 e6 22. Bg5 f6 23. Be3 g5 24. Qg3 Ne4 25. Qh2 f5 26. h4 f4 27. Bc1 h6 28.
Re1 Qd5 29. Kg2 Rc2 30. Rxe4 Qxe4 31. hxg5 hxg5 32. Qh5 Bf6 33. Qh1 Kg7 34. Nd2 Qd5 35. Qd1 Rfc8 36. Nb3 Qe4 37. Qf1 Re2 38. Nd2 Qd3 39. b3 Rc2 40. Nb1 Qe4 41. Nd2 Qd3 42. Nb1 b5 43. a4 b4 44. Ne1 Qg3+ 45. Kh1 Rxf2 46. Qg1 Qh3+ 0-1

[Event "*** SCC Grand Prix: Titled Tuesday Blitz"]
[Site "Chess.com"]
[Date "2020.06.02"]
[Round "9"]
[White "vlad_Sid"]
[Black "Jumbo"]
[Result "0-1"]
[WhiteElo "2652"]
[BlackElo "2840"]
[TimeControl "180+1"]
[EndTime "11:47:40 PDT"]
[Termination "Jumbo won on time"]

1. c4 e5 2. g3 d6 3. Bg2 g6 4. Nc3 Bg7 5. Nf3 f5 6. O-O Nf6 7. Rb1 O-O 8. b4 Nbd7 9. Qc2 Re8 10. d3 Nf8 11. Nd5 Ne6 12. Bb2 Qd7 13. b5 Nxd5 14.
cxd5 Nc5 15. Bxe5 Bxe5 16. d4 Bxd4 17. Nxd4 Qf7 18. e3 b6 19. Ne6 Bb7 20. h4 a6 21.
a4 axb5 22. axb5 Ra7 23. Ra1 Rea8 24. Qc3 Qe7 25. Rxa7 Rxa7 26. Nf4 Qe5 27. Qc4 Ra4 28.
Qc2 Rb4 29. Nd3 Nxd3 30. Qxd3 Qb2 31. Rd1 Rxb5 32. Kh2 Rc5 33. Rd2 Qe5 34. Ra2 Bxd5 35. Bxd5+ Qxd5 36. Qe2 Rc1 37. f3 Re1 38. Qf2 Rf1 39.
Qe2 Rxf3 40. Rd2 Qe4 0-1

[Event "*** SCC Grand Prix: Titled Tuesday Blitz"]
[Site "Chess.com"]
[Date "2020.06.02"]
[Round "9"]
[White "jocmil"]
[Black "c63_amg"]
[Result "1-0"]
[WhiteElo "2489"]
[BlackElo "2672"]
[TimeControl "180+1"]
[EndTime "11:47:40 PDT"]
[Termination "jocmil won on time"]

1. d4 Nf6 2. Nf3 e6 3. Bg5 h6 4. Bh4 d6 5. e3 g5 6. Bg3 Nh5 7. Bd3 Bg7 8. Nbd2 Nd7 9. Qe2 f5 10. O-O-O Ndf6 11. Kb1 Qe7 12. c3 Bd7 13. Ne1 O-O-O 14.
f3 Nxg3 15. hxg3 Kb8 16. Nc2 e5 17. Nb3 e4 18. fxe4 fxe4 19. Bb5 Bg4 20. Qd2 Bxd1 21. Rxd1 c6 22. Be2 Rhf8 23. c4 Qc7 24. c5 Nd7 25.
cxd6 Qxd6 26. Bg4 Nf6 27. Bf5 Nh5 28. g4 Ng3 29. Nc5 Nxf5 30. gxf5 Rxf5 31. Nxe4 Qe6 32.
Qd3 Rdf8 33. Nc5 Qc8 34. Qb3 Ka8 35. a4 Rf1 36. Rxf1 Rxf1+ 37. Ka2 b6 38. Ne6 Bf6 39. d5 Rf2 40. Qc4 Kb7 41. a5 cxd5 42.
Qxd5+ Kb8 43. Qd6+ Kb7 44. Qd5+ Kb8 45. Qd6+ Ka8 46. Nc7+ Kb8 47. Nd5+ Ka8 48. Nxf6 1-0

[Event "*** SCC Grand Prix: Titled Tuesday Blitz"]
[Site "Chess.com"]
[Date "2020.06.02"]
[Round "9"]
[White "VMikhalevski"]
[Black "Lenyas66"]
[Result "1-0"]
[WhiteElo "2757"]
[BlackElo "2543"]
[TimeControl "180+1"]
[EndTime "11:47:41 PDT"]
[Termination "VMikhalevski won on time"]

1. Nf3 c5 2. g3 Nc6 3. d4 cxd4 4. Nxd4 e5 5. Nxc6 dxc6 6. Qxd8+ Kxd8 7. Nc3 Nf6 8. f4 Bc5 9. fxe5 Ng4 10. Ne4 Bd4 11.
Bg5+ Kc7 12. O-O-O Bxe5 13. h3 Nf6 14. Nxf6 gxf6 15.
Bf4 Be6 16. e3 Rhg8 17. Bd3 h5 18. Rdf1 Bxf4 19. gxf4 Rg3 20. f5 Bd7 21. e4 Rag8 22. Bc4 R8g7 23. Rf4 b5 24. Be2 Rg1+ 25. Rxg1 Rxg1+ 26.
Kd2 Kd6 27. Bxh5 Ke5 28. Rh4 Rg2+ 29. Be2 c5 30. Ke3 Bc6 31. c3 c4 32. Rh8 Rg3+ 33. Kf2 Rg7 34. Bf3 Kf4 35. Rh6 Bxe4 36. Rh4+ Kxf5 37. Rxe4 Rh7 38. h4 Rh8 39. Rd4 a6 40. h5 Ke5 41. Rd7 f5 42. Rxf7 Kf4 43. Ra7 Rd8 44. h6 Rd2+ 45. Be2 Rd6 46. h7 Rh6 47.
Bf3 Rh2+ 48. Bg2 Rh6 49. a4 bxa4 50. Bd5 Kg5 51. Bxc4 f4 52. Bd3 Rh2+ 53. Kg1 1-0

[Event "*** SCC Grand Prix: Titled Tuesday Blitz"]
[Site "Chess.com"]
[Date "2020.06.02"]
[Round "9"]
[White "GM_Buhmann"]
[Black "SCIM"]
[Result "1-0"]
[WhiteElo "2800"]
[BlackElo "2505"]
[TimeControl "180+1"]
[EndTime "11:47:41 PDT"]
[Termination "GM_Buhmann won by resignation"]

1. e4 c5 2. Nf3 e6 3. d4 cxd4 4. Nxd4 Nc6 5. Nc3 Qc7 6. Be3 a6 7. Qf3 Nf6 8. O-O-O Ne5 9. Qg3 b5 10. f4 Neg4 11. e5 Nxe3 12. Qxe3 b4 13. Ne4 Nxe4 14. Qxe4 Bb7 15. Qd3 Be7 16. Be2 O-O 17. Bf3 Bxf3 18. Nxf3 Rfd8 19. h4 d6 20. Ng5 g6 21. Qe4 dxe5 22. fxe5 Rxd1+ 23. Rxd1 Bxg5+ 24. hxg5 Rd8 25. Rf1 Rd5 26. Qxb4 Qxe5 27. Kb1 Qxg5 28.
b3 Qxg2 29. Rc1 Qd2 30. Qb8+ Rd8 31. Qe5 Qd4 32. Qg5 Kg7 33. Rh1 h5 34. Rf1 Rd7 35. a4 h4 36. Rh1 Rd5 37. Qe7 Rd7 38. Qg5 Rd5 39. Qg2 Qd2 40. Qe4 Qd4 41. Qe2 Qe5 42. Qf2 Rd4 43. Rf1 f5 44. Re1 Re4 45. Rd1 h3 46. Qa7+ Kf6 47. Qh7 Re1 48. Qh4+ Kf7 49. Rxe1 Qf6 50. Qxh3 g5 51. Qh7+ Qg7 52. Qh5+ Kf6 53. Qe8 g4 54. Qxe6+ Kg5 55. Rf1 Qc3 56.
Qxf5+ 1-0

[Event "*** SCC Grand Prix: Titled Tuesday Blitz"]
[Site "Chess.com"]
[Date "2020.06.02"]
[Round "9"]
[White "Playgood28"]
[Black "tamarozi99"]
[Result "1-0"]
[WhiteElo "2295"]
[BlackElo "2042"]
[TimeControl "180+1"]
[EndTime "11:47:41 PDT"]
[Termination "Playgood28 won by resignation"]

1. d4 Nf6 2. c4 g6 3. Nc3 Bg7 4. Nf3 d6 5. h3 O-O 6. Bf4 Nbd7 7. e3 b6 8. Be2 Bb7 9. O-O Re8 10. Rc1 e5 11. Bh2 Ne4 12. Nxe4 Bxe4 13. b4 f5 14. c5 Bxf3 15. Bxf3 e4 16. Be2 d5 17. Qb3 Nf6 18.
cxb6 cxb6 19. Ba6 Re7 20. Rc2 Qe8 21. Rfc1 Rd8 22. Bc7 Rdd7 23. Bb5 Bf8 24. Be5 Qf7 25.
Bxd7 Rxd7 26. Rc8 h6 27. R1c7 Qe6 28. Bxf6 Rxc7 29. Rxc7 Qxf6 30. Qxd5+ Kh8 31. Qf7 Qxf7 32. Rxf7 Bxb4 33. Rxa7 Kg8 34. Rb7 Ba5 35. Kf1 Kf8 36. Ke2 g5 37. f3 Ke8 38. fxe4 fxe4 39. Rh7 b5 40. Rxh6 b4 41. Rg6 Bd8 42. Re6+ Be7 43. Rxe4 Kd7 44. Rxe7+ Kxe7 45. e4 Kd6 46. Kd3 Kc6 47. e5 1-0

[Event "*** SCC Grand Prix: Titled Tuesday Blitz"]
[Site "Chess.com"]
[Date "2020.06.02"]
[Round "9"]
[White "sergeikim"]
[Black "Ba_clbaf_osed_ingo_3v21"]
[Result "0-1"]
[WhiteElo "2466"]
[BlackElo "2639"]
[TimeControl "180+1"]
[EndTime "11:47:44 PDT"]
[Termination "Ba_clbaf_osed_ingo_3v21 won on time"]

1. d4 Nf6 2. c4 g6 3. Nc3 d5 4. cxd5 Nxd5 5. e4 Nxc3 6. bxc3 Bg7 7. Bc4 c5 8. Ne2 Nc6 9. Be3 O-O 10. O-O b6 11. Qd2 Bb7 12. Rfd1 cxd4 13. cxd4 e6 14. Bh6 Rc8 15. Bxg7 Kxg7 16. Rac1 Na5 17. Bd3 Qd7 18.
Qg5 Rxc1 19. Rxc1 Rc8 20. Rd1 Qa4 21. Rf1 Qxa2 22. Nf4 Qa3 23. Nh5+ Kf8 24. Qh6+ Ke8 25. Bb5+ Bc6 26. Bxc6+ Nxc6 27. Nf6+ Ke7 28. Qh4 Nxd4 29.
Nxh7+ Ke8 30. Nf6+ Ke7 31. Nh7+ Ke8 32. Nf6+ Kd8 33.
e5 Ne2+ 34. Kh1 Rc1 35. Qh8+ Kc7 36. Ne8+ Kc6 37. g3 Rxf1+ 38. Kg2 Rg1+ 39. Kh3 Qd3 40. Nd6 Kd5 41. Qa8+ Kd4 42. Qxa7 Kxe5 43. Nxf7+ Kf6 44.
Nh8 Qf5+ 0-1

[Event "*** SCC Grand Prix: Titled Tuesday Blitz"]
[Site "Chess.com"]
[Date "2020.06.02"]
[Round "9"]
[White "szefru"]
[Black "hellokostya"]
[Result "0-1"]
[WhiteElo "2147"]
[BlackElo "2447"]
[TimeControl "180+1"]
[EndTime "11:47:44 PDT"]
[Termination "hellokostya won by resignation"]

1. e4 Nc6 2. d4 d6 3. Be3 Nf6 4. f3 g6 5. Qd2 Bg7 6. Nc3 e5 7.
Nge2 O-O 8. O-O-O a6 9. g4 b5 10. h4 exd4 11. Nxd4 Ne5 12. Bg2 Nc4 13. Qf2 Nxe3 14.
Qxe3 Bb7 15. h5 Re8 16. g5 Nd7 17. f4 b4 18. Nb1 Bxe4 19. Bxe4 Nc5 20. hxg6 hxg6 21.
Nc6 Qc8 22. Qh3 Qxh3 23. Rxh3 Rxe4 24. Nd2 Rxf4 25. Nb3 Nxb3+ 26. axb3 Re8 27. Rdh1 Rg4 28. Na5 Rxg5 29. Nc4 Rg2 30. R3h2 Rxh2 31. Rxh2 d5 32. Nd2 c6 33. Nf3 Re3 34. Kd2 Rxf3 35. Re2 Rf5 36. c3 bxc3+ 37. bxc3 Rf3 38. Re8+ Kh7 39. c4 dxc4 40.
bxc4 a5 41. Ra8 Bc3+ 42. Ke2 Rh3 43. Ra6 c5 44. Rc6 Bd4 45. Ra6 Re3+ 46. Kd2 Ra3 47.
Kc2 Kg7 48. Rb6 a4 49. Ra6 Ra2+ 50. Kd3 a3 51. Ra5 Ra1 52. Ke4 a2 53. Kd5 Bf6 54. Kxc5 Be7+ 55. Kb5 Rb1+ 56. Kc6 a1=Q 57. Rxa1 Rxa1 58.
Kd7 Rc1 59. Kxe7 Rxc4 0-1

[Event "*** SCC Grand Prix: Titled Tuesday Blitz"]
[Site "Chess.com"]
[Date "2020.06.02"]
[Round "9"]
[White "Pavel_Mir"]
[Black "woodhy"]
[Result "1-0"]
[WhiteElo "2306"]
[BlackElo "2448"]
[TimeControl "180+1"]
[EndTime "11:47:45 PDT"]
[Termination "Pavel_Mir won by checkmate"]

1. e4 e6 2. d4 d5 3. Nd2 c5 4. exd5 exd5 5. Ngf3 Nc6 6. Bb5 Bd6 7. dxc5 Bxc5 8. O-O Ne7 9. Nb3 Bd6 10. Bg5 O-O 11. c3 h6 12. Bh4 Bg4 13. Bg3 Bxg3 14. hxg3 Qb6 15. Be2 Nf5 16. Qxd5 Nxg3 17. Rfe1 Rad8 18. Qc5 Nxe2+ 19. Rxe2 Qxc5 20. Nxc5 Bxf3 21. gxf3 b6 22. Nb3 Rfe8 23. Rxe8+ Rxe8 24. Kf1 h5 25. a4 Re5 26. Rd1 Rf5 27. Rd6 Ne5 28. Nd4 Rf4 29. Rd8+ Kh7 30. Rd5 f6 31. a5 h4 32. a6 h3 33. Rd7 Nxf3 34. Nxf3 Rxf3 35. Rxa7 h2 36. Kg2 Rxf2+ 37.
Kh1 Rxb2 38. Rb7 b5 39. c4 Ra2 40. cxb5 Kg6 41. a7 f5 42. b6 f4 43. Rb8 f3 44.
a8=Q f2 45. Qg2+ Kf7 46. Rb7+ Ke6 47. Qg6+ Ke5 48. Qxg7+ Kf4 49. Rf7+ Ke3 50. Qe5+ Kd3 51. Rf3+ Kc4 52. Rf4+ Kd3 53. Qe4+ Kc3 54. Qe3+ Kb2 55. Rxf2+ Kb1 56. Qe1# 1-0

[Event "*** SCC Grand Prix: Titled Tuesday Blitz"]
[Site "Chess.com"]
[Date "2020.06.02"]
[Round "9"]
[White "Slovak_fighter2000"]
[Black "queen_iryna"]
[Result "1-0"]
[WhiteElo "2429"]
[BlackElo "2256"]
[TimeControl "180+1"]
[EndTime "11:47:46 PDT"]
[Termination "Slovak_fighter2000 won on time"]

1. d4 d5 2. Nf3 Nf6 3. Bf4 c5 4. e3 Nc6 5. Nbd2 Bf5 6. c3 e6 7.
Bb5 Qb6 8. Qa4 Nd7 9. O-O Be7 10. c4 a6 11. Bxc6 Qxc6 12. Qxc6 bxc6 13. Rac1 O-O 14. b3 Rfc8 15. h3 cxd4 16. exd4 Ba3 17.
Rcd1 Bc2 18. Ra1 Bb2 19. Rae1 Bd3 20. Re3 Bxf1 21. Kxf1 a5 22. a4 Bc1 23. Rc3 Bxd2 24. Nxd2 c5 25. cxd5 exd5 26. dxc5 Rxc5 27. Rd3 Re8 28.
g3 Nf6 29. Kg2 Rec8 30. Rd4 h6 31. b4 axb4 32. Rxb4 Ra8 33. Be5 Rca5 34. Bxf6 gxf6 35. Rd4 Rxa4 36. Rxd5 Ra2 37. Ne4 Kg7 38. Rd7 R8a7 39. Rd6 Re7 40. Kf3 f5 41. Nc5 Ree2 42. Nd3 Rad2 43. Rd5 1-0

[Event "*** SCC Grand Prix: Titled Tuesday Blitz"]
[Site "Chess.com"]
[Date "2020.06.02"]
[Round "9"]
[White "theredking89"]
[Black "GMSrinath"]
[Result "0-1"]
[WhiteElo "2628"]
[BlackElo "2790"]
[TimeControl "180+1"]
[EndTime "11:47:47 PDT"]
[Termination "GMSrinath won by resignation"]

1. Nf3 c5 2. g3 Nc6 3. Bg2 g6 4.
c4 Bg7 5. Nc3 e6 6. d4 cxd4 7.
Nb5 d5 8. cxd5 exd5 9. O-O Nge7 10. Nbxd4 O-O 11. b3 Bg4 12. Bb2 Bxf3 13. Bxf3 Qb6 14.
Nxc6 bxc6 15. Bxg7 Kxg7 16. Rc1 Rac8 17. Qd2 Rfd8 18.
Rc3 c5 19. Rfc1 d4 20. Rc4 a5 21. Qc2 Qf6 22. Kg2 Rc7 23. Rxc5 Rxc5 24. Qxc5 Rc8 25. Qa3 Rc3 26. Rd1 Qe5 27. Qb2 h5 28. Qd2 Nf5 29.
h4 Kg8 30. Qg5 Kg7 31. Qd2 Kg8 32. Qb2 Kg7 33. Rd3 Qc5 34. Qd2 Rc2 35. Qf4 Rxa2 36. Be4 Nd6 37. Rf3 f5 38. Bd3 Ra1 39. Bc4 Nxc4 40.
bxc4 Qxc4 41. Qe5+ Kf7 42. Qh8 Rc1 43. Qh7+ Kf6 44. Qh8+ Ke7 45. Qg7+ Qf7 46. Qxd4 Rc6 47. Qe5+ Qe6 48. Qg7+ Qf7 49. Re3+ Re6 50. Rxe6+ Kxe6 51.
Qd4 Qb7+ 52. f3 Qb5 53. Qe3+ Kf7 54. Qe5 Qxe5 0-1

[Event "*** SCC Grand Prix: Titled Tuesday Blitz"]
[Site "Chess.com"]
[Date "2020.06.02"]
[Round "9"]
[White "zaur-mammadov"]
[Black "goofypenguin96"]
[Result "1-0"]
[WhiteElo "2603"]
[BlackElo "2293"]
[TimeControl "180+1"]
[EndTime "11:47:47 PDT"]
[Termination "zaur-mammadov won by checkmate"]

1. e4 e6 2. d4 d5 3. e5 c5 4.
c3 Nc6 5. Nf3 Bd7 6. Na3 f6 7.
Nc2 g6 8. Bd3 Bg7 9. O-O fxe5 10. dxe5 Nxe5 11. Nxe5 Bxe5 12. Re1 Bg7 13. Qf3 Nf6 14.
Bf4 O-O 15. Bd6 Rf7 16. Qe2 Rc8 17. Rad1 c4 18. Bxg6 hxg6 19. Nd4 Ne4 20. Bg3 Nxg3 21. hxg3 Bxd4 22. Rxd4 Qf6 23. Qe3 b6 24. f4 Rcf8 25. Qf3 Kg7 26. Qd1 Qf5 27. Re5 Qf6 28. Qe2 Rh8 29. Rg5 Rh5 30. Qxh5 e5 31. Rxd5 exf4 32. Rxg6+ Qxg6 33. Rg5 Rf6 34. Rxg6+ Rxg6 35. Qe5+ Rf6 36. gxf4 Kf7 37. Kf2 Bc6 38. g4 Re6 39. Qh5+ Ke7 40. f5 Rd6 41. Qh7+ Kf6 42. Qh6+ Ke5 43. Qh2+ Kd5 44.
g5 Kc5 45. Qe5+ Rd5 46. Qe3+ Kb5 47. Qf4 Bd7 48. f6 Be8 49. f7 Bxf7 50. Qxf7 Rxg5 51. Qe8+ Ka5 52. Qe7 Rf5+ 53. Ke3 Rb5 54. Qa3# 1-0

[Event "*** SCC Grand Prix: Titled Tuesday Blitz"]
[Site "Chess.com"]
[Date "2020.06.02"]
[Round "9"]
[White "Reality-Stone"]
[Black "colegiodemadrid"]
[Result "1/2-1/2"]
[WhiteElo "2489"]
[BlackElo "2380"]
[TimeControl "180+1"]
[EndTime "11:47:47 PDT"]
[Termination "Game drawn by stalemate"]

1. d4 Nf6 2. c4 e6 3. Nc3 d5 4.
cxd5 exd5 5. Bg5 c6 6. e3 Be7 7.
Bd3 Nbd7 8. Nge2 h6 9. Bh4 Nh5 10. Bxe7 Qxe7 11. Qc2 Nb6 12. O-O g6 13. Rad1 O-O 14.
Rfe1 Ng7 15. Ng3 h5 16. f3 h4 17. Nf1 Bf5 18. e4 dxe4 19. Bxe4 Be6 20. Ne3 Qg5 21.
Qf2 Nh5 22. Ne2 Rad8 23. f4 Qf6 24. f5 Bxa2 25. Nf4 Nxf4 26. Qxf4 g5 27. Qf3 Rxd4 28. Ng4 Qd6 29. f6 Rd8 30. Nh6+ Kf8 31. Rc1 Qf4 32. Qxf4 gxf4 33. Bf5 Nd5 34. Ng4 Bb3 35.
Re5 a5 36. Bh7 Nxf6 37. Nxf6 Kg7 38. Rf5 Be6 39. Rxf4 Rxf4 40. Nh5+ Kxh7 41. Nxf4 Kg7 42. Rc5 a4 43. Nxe6+ fxe6 44. Rc4 b5 45. Rxc6 Rd2 46. Rxe6 Rxb2 47. h3 a3 48. Kh2 a2 49. Re7+ Kf6 50. Re4 b4 51. Rc4 a1=Q 52. Rf4+ Kg5 53. Rf5+ Kg6 54.
Rf6+ Kh7 55. Rf7+ Kg8 56. Rf8+ Kh7 57. Rf7+ Kh6 58. Rf6+ Kg5 59. Rf5+ Kg6 60. Rf6+ Kxf6 1/2-1/2

[Event "*** SCC Grand Prix: Titled Tuesday Blitz"]
[Site "Chess.com"]
[Date "2020.06.02"]
[Round "9"]
[White "Arkady_Gitelson"]
[Black "VALPARAISO37"]
[Result "1-0"]
[WhiteElo "2491"]
[BlackElo "2362"]
[TimeControl "180+1"]
[EndTime "11:47:47 PDT"]
[Termination "Arkady_Gitelson won on time"]

1. d4 Nf6 2. Nc3 d5 3. Bf4 c5 4. dxc5 e6 5. e3 Bxc5 6. Nf3 O-O 7. Bd3 Bb4 8. O-O Nc6 9. Nb5 a6 10. Nbd4 Bd6 11. Nxc6 bxc6 12. Bxd6 Qxd6 13. c4 a5 14.
Qd2 Ba6 15. Rfd1 h6 16. Rac1 Rfd8 17. Nd4 dxc4 18. Bxc4 Bxc4 19. Rxc4 e5 20. Nf3 Qe6 21.
Qxd8+ Rxd8 22. Rxd8+ Kh7 23. b3 e4 24. Nd4 Qg4 25.
h3 Qd1+ 26. Kh2 Qd2 27. Rc2 Qe1 28. Nxc6 Qb1 29. Nd4 h5 30. a4 Qd1 31. Rcc8 Qd2 32. Ne6 Qxf2 33. Rh8+ Kg6 34. Nf4+ Kf5 35. Rc5+ Nd5 36.
Rxd5+ Kf6 37. Nxh5+ Kg6 38. Nf4+ Kf6 39. Rhh5 Qxe3 40.
Rdf5+ Ke7 41. Nd5+ Ke6 42. Nxe3 g6 43. Rxa5 f5 44. Rh6 Kf7 45. Ra7+ Kg8 46. Rxg6+ Kh8 47. Rb6 1-0

[Event "*** SCC Grand Prix: Titled Tuesday Blitz"]
[Site "Chess.com"]
[Date "2020.06.02"]
[Round "9"]
[White "talman67"]
[Black "ketster"]
[Result "0-1"]
[WhiteElo "2536"]
[BlackElo "2432"]
[TimeControl "180+1"]
[EndTime "11:47:48 PDT"]
[Termination "ketster won by resignation"]

1. e4 e5 2. Nf3 Nc6 3. Bb5 a6 4. Ba4 Nf6 5. O-O Be7 6. Re1 b5 7. Bb3 d6 8. c3 O-O 9. h3 Nd7 10. d4 Bf6 11. a4 Rb8 12. Na3 b4 13. Nc4 bxc3 14. bxc3 exd4 15. cxd4 Nxd4 16. Nxd4 Bxd4 17. Qxd4 Rxb3 18. Bb2 Qf6 19. Qxf6 Nxf6 20. e5 dxe5 21. Bxe5 Nd5 22. Rad1 Be6 23. f4 Nc3 24. Bxc3 Rxc3 25. Ne5 Bb3 26. Rc1 Rxc1 27. Rxc1 Bxa4 28. Rxc7 f6 29.
Nc4 Rd8 30. Kf2 Bb5 31. Na5 Rd7 32. Rc8+ Kf7 33. Ke3 f5 34. Rc3 Re7+ 35. Kf3 Rd7 36. Ke3 Ke6 37. Nb3 Kd6 38. Nd4 g6 39. g4 Re7+ 40. Kf3 fxg4+ 41. hxg4 Kd5 42. Nc2 a5 43. f5 gxf5 44. gxf5 a4 45. Na3 Bd7 46. Rc7 Kd6 47.
Ra7 Bc6+ 0-1

[Event "*** SCC Grand Prix: Titled Tuesday Blitz"]
[Site "Chess.com"]
[Date "2020.06.02"]
[Round "9"]
[White "nikitakhoroshev"]
[Black "Ali_rastbod"]
[Result "0-1"]
[WhiteElo "2465"]
[BlackElo "2650"]
[TimeControl "180+1"]
[EndTime "11:47:49 PDT"]
[Termination "Ali_rastbod won on time"]

1. d4 Nf6 2. c4 e6 3. Nf3 b6 4. a3 Bb7 5. Nc3 d5 6. cxd5 Nxd5 7.
Bd2 Nf6 8. Bg5 Be7 9. e3 O-O 10.
Be2 Nbd7 11. O-O h6 12. Bh4 Nd5 13. Bxe7 Qxe7 14. Rc1 Nxc3 15. Rxc3 c5 16. Bb5 Rfd8 17. Rd3 a6 18. Bxd7 Qxd7 19. Rd2 c4 20. Ne5 Qd5 21. f3 b5 22. e4 Qd6 23. Qe1 Qb6 24. Qe3 Rd6 25. f4 Rad8 26. Nf3 f5 27. exf5 exf5 28.
Ne5 Rxd4 29. Rdf2 Qc7 30. Qg3 Re4 31. Qg6 Rf8 32. Qe6+ Kh8 33. h3 Rf6 34. Qe8+ Kh7 35. Rd1 Qc5 36. Kf1 c3 37. b4 Qe3 38. Qd7 Ba8 39.
Qd4 c2 40. Qd3 cxd1=Q+ 41. Qxd1 Rxf4 0-1

[Event "*** SCC Grand Prix: Titled Tuesday Blitz"]
[Site "Chess.com"]
[Date "2020.06.02"]
[Round "9"]
[White "oneshot007"]
[Black "Violord"]
[Result "0-1"]
[WhiteElo "2436"]
[BlackElo "2601"]
[TimeControl "180+1"]
[EndTime "11:47:49 PDT"]
[Termination "Violord won on time"]

1. e4 g6 2. h4 d5 3. h5 Bg7 4. hxg6 hxg6 5. Rxh8 Bxh8 6. Nc3 c6 7.
Qf3 Nf6 8. d3 dxe4 9. Nxe4 Nxe4 10. dxe4 Nd7 11. Qh3 Bf6 12. Qh7 Nf8 13. Qg8 Be6 14. Nf3 Qb6 15. e5 Bxe5 16. Bh6 O-O-O 17.
Nxe5 Qxb2 18. Rd1 Qxe5+ 19. Be2 Nd7 20. Qg7 Qxg7 21. Bxg7 f6 22. Bh6 g5 23. f4 g4 24.
Kf2 Rh8 25. Rh1 Nc5 26. Ke3 Kd7 27. Rh5 b6 28. f5 Bf7 29. Rh4 g3 30. Rd4+ Kc8 31.
Bf4 Bxa2 32. Bf3 Bd5 33. Bxd5 cxd5 34. Rxd5 Rd8 35. Rxd8+ Kxd8 36. Bxg3 Kd7 37. Kd4 Kc6 38. Be1 a5 39. g4 Nb7 40. c4 a4 41. Bb4 Nd6 42. c5 bxc5+ 43. Bxc5 Nb5+ 44. Kc4 Nd6+ 45. Kb4 a3 46. Bd4 Kd5 47. Ba1 a2 48. Kb3 Ke4 49.
g5 fxg5 50. f6 exf6 51. Bxf6 g4 52. Kxa2 g3 53. Bd8 Nc4 54. Be7 g2 55. Bc5 Ne3 0-1

[Event "*** SCC Grand Prix: Titled Tuesday Blitz"]
[Site "Chess.com"]
[Date "2020.06.02"]
[Round "9"]
[White "vinniethepooh"]
[Black "Koalaskakistis"]
[Result "0-1"]
[WhiteElo "2575"]
[BlackElo "2434"]
[TimeControl "180+1"]
[EndTime "11:47:49 PDT"]
[Termination "Koalaskakistis won by resignation"]

1. d4 f5 2. g3 Nf6 3. Bg2 d6 4. Nf3 e6 5. O-O Be7 6. b3 O-O 7.
Bb2 Ne4 8. Nbd2 Bf6 9. c4 Nc6 10. a3 Nxd2 11. Qxd2 e5 12. dxe5 dxe5 13. Qd5+ Kh8 14.
Rad1 Qe8 15. e4 Be6 16. Qd3 Qh5 17. Qe2 fxe4 18. Qxe4 Bf5 19. Qe3 Bg4 20. Rd5 Ne7 21.
Rxe5 Bxe5 22. Nxe5 Bh3 23. g4 Bxg4 24. Nxg4 Nf5 25. Qh3 Nh4 26. Ne3 Rae8 27. Qg3 Rf7 28. Re1 Re6 29. Kh1 Rg6 30. Qh3 h6 31. Bd4 Rxf2 32.
Be4 Re2 33. Qc8+ Kh7 34. Bxg6+ Nxg6 35. Rxe2 Qxe2 36. Qf5 Qe1+ 37. Kg2 Qd2+ 38. Kf3 Qxd4 39. Ng4 Qd1+ 40. Kg3 Qg1+ 41. Kh3 Qd1 42. Ne5 Qxb3+ 43. Kg2 Qb2+ 44. Kg3 Qxe5+ 0-1